 Dungeon Crawl Stone Soup version 0.19-a0-993-g3130bb9 (webtiles) character file.

679 Sixotanaka the Carver (level 7, -2/45 HPs)
             Began as a High Elf Skald on July 16, 2016.
             Was a Believer of Cheibriados.
             Slain by an orc warrior
             ... wielding a +0 scimitar of freezing
              (17 damage)
             ... on level 6 of the Dungeon.
             The game lasted 00:13:14 (5637 turns).

Sixotanaka the Carver (High Elf Skald)              Turns: 5637, Time: 00:13:14

Health: -2/45      AC:  4    Str: 14 (15) XL:     7   Next: 34%
Magic:  6/11       EV: 11    Int: 18 (21) God:    Cheibriados [**....]
Gold:   203        SH:  0    Dex: 17 (20) Spells: 4 memorised, 1 level left

rFire  . . .     SeeInvis .     a - +0 long sword
rCold  . . .     Gourm    .     j - +1 leather armour
rNeg   . . .     Faith    .     (no shield)
rPois  .         Spirit   .     (no helmet)
rElec  .         Dismiss  .     (no cloak)
rCorr  .         Reflect  .     (no gloves)
SustAt .         Harm     .     (no boots)
MR     .....                    (no amulet)
Stlth  +.........               (no ring)
                                (no ring)

@: very slightly contaminated, very slow, not resistant to hostile enchantments,
very unstealthy
A: no striking features
a: Bend Time, Renounce Religion


You were on level 6 of the Dungeon.
You worshipped Cheibriados.
Cheibriados was pleased with you.
You were not hungry.

You visited 1 branch of the dungeon, and saw 6 of its levels.

You collected 203 gold pieces.


   Skills:
 - Level 2.0 Fighting
 * Level 9.4 Long Blades
 - Level 0.8 Armour
 - Level 1.1 Dodging
 - Level 2.4 Spellcasting
 + Level 4.9 Charms


You had one spell level left.
You knew the following spells:

 Your Spells              Type           Power        Failure   Level  Hunger
a - Shroud of Golubria    Chrm/Tloc      ##........   12%         2    ##.....
c - Infusion              Chrm           ###.         2%          1    #......
g - Regeneration          Chrm/Necr      ##........   24%         3    ###....
z - Spectral Weapon       Hex/Chrm       ##......     24%         3    ###....


Dungeon Overview and Level Annotations

Branches:
Dungeon (6/15)             Temple (0/1) D:5

Altars:
Cheibriados
Hepliaklqana
Kikubaaqudgha
Makhleb
Qazlal
Ru
Trog

Annotations:
D:4 wxf's ghost, novice MiFi

Inventory:

Hand Weapons
 a - a +0 long sword (weapon)
   (You found it on level 3 of the Dungeon)
 b - a +1 dagger of electrocution
   (You took it off a goblin on level 1 of the Dungeon)
Missiles
 e - 12 poisoned needles
Armour
 j - a +1 leather armour (worn)
Wands
 o - a wand of random effects (20/48)
   (You found it on level 3 of the Dungeon)
Scrolls
 g - 3 scrolls of amnesia
 h - a scroll of immolation {unknown}
 l - a scroll of remove curse {@r2}
 p - a scroll of teleportation {@r4}
 q - a scroll of recharging {unknown}
 t - a scroll of random uselessness {unknown}
Potions
 r - a potion of brilliance
 s - a potion of mutation {unknown}
 u - a potion of flight
Books
 c - a book of Battle
Comestibles
 d - 5 bread rations {@e1}
 f - 2 meat rations {@e2}
 i - 3 chunks of flesh

.# # ..# ##. ..# ..#
#.## ##.. .. ... ... ...
...##.##.###### .####..
......o(....... .......
.......@..# #.#.....
..........# #.#.....
...######.#######.#.##..
# #.................
#.................
#.#.#.#####.#.##.. ..
#.#.#.#####.#.##..
....#.#.#.............
..................##..


You could see an orc warrior and a friendly spectral long sword.


Message History

d - 5 bread rations {@e1} (gained 1)
A bat comes into view.
A bat is nearby!
You miss the bat. The bat barely misses you.
You riposte.
You hit the bat.
An orc comes into view. It is wielding a mace.
The orc shouts!
You slash the bat!
You kill the bat!
Cheibriados thoroughly appreciates the change of pace.
You miscast Spectral Weapon.
You are very lightly contaminated with residual magic.
You hear an indistinct dissonance whispering inside your mind.
You draw out your weapon's spirit!
An orc comes into view. It is wielding a hand axe.
The orc shouts!
You hit the orc.
Your spectral weapon barely misses the orc.
You slash the orc!
You kill the orc!
Cheibriados thoroughly appreciates the change of pace.
An orc warrior comes into view. It is wielding a scimitar of freezing.
You hit the orc but do no damage.
Your spectral weapon hits the orc.
You barely miss the orc.
Your spectral weapon closely misses the orc.
The orc hits you with a hand axe.
The orc closely misses your spectral weapon.
You slash the orc!
You kill the orc!
Cheibriados thoroughly appreciates the change of pace.
Cheibriados raises the support of your attributes as your movement slows.
You closely miss the orc warrior.
Your spectral weapon barely misses the orc warrior.
The orc warrior hits you with a scimitar of freezing.
The orc warrior freezes you.
You hit the orc warrior but do no damage.
Your spectral weapon closely misses the orc warrior.
You closely miss the orc warrior.
Your spectral weapon hits the orc warrior but does no damage.
The orc warrior hits you with a scimitar of freezing!
The orc warrior freezes you.
You closely miss the orc warrior.
Your spectral weapon hits the orc warrior.
The orc warrior hits you with a scimitar of freezing!
* * * LOW HITPOINT WARNING * * *
The orc warrior freezes you.
* * * LOW HITPOINT WARNING * * *
You barely miss the orc warrior.
Your spectral weapon barely misses the orc warrior.
The orc warrior hits you with a scimitar of freezing!
You die...

Vault maps used:
D:1:      tarquinn_simple_flora_water_b, minmay_quantized
D:2:      overflow_temple_1_default, ecumenical_altar_1
D:3:      kennysheep_slug_shrine, first_bread
D:4:      nicolae_qazlal_general_emergency, minitemple
D:5:      nicolae_ru_sacrificial_ziggurat, lemuel_doored_altar
D:6:      lemuel_crystal_altar, okawaru_ov_weapons_minmay,
          uniq_crazy_yiuf_cottage

Vanquished Creatures
  2 centaurs (D:5)
  A scorpion (D:6)
  A howler monkey (D:5)
  A jelly (D:5)
  3 hounds
  An orc wizard (D:6)
  An iguana (D:5)
  2 worker ants
  6 adders
  A shadow imp (D:5)
  3 oozes
  An adder skeleton (D:5)
  4 worms
  3 dart slugs
  3 giant geckos
  13 orcs
  A ball python (D:1)
  5 giant cockroaches
  6 goblins
  4 hobgoblins
  13 jackals
  11 kobolds
  4 quokkas
  6 bats
  5 giant newts
  2 jackal skeletons (D:5)
  7 rats
110 creatures vanquished.

Table legend:
 A = Turns spent in this place as a percentage of turns spent in the entire game.
 B = Non-inter-level travel turns spent in this place as a percentage of non-inter-level travel turns spent in the entire game.
 C = Inter-level travel turns spent in this place as a percentage of turns spent in this place.
 D = Turns resting spent in this place as a percentage of non-inter-level travel turns spent in this place.
 E = Turns spent auto-exploring this place as a percentage of non-inter-level travel turns spent in this place.
 F = Non-inter-level travel turns spent in this place divided by the number of levels of this place that you've seen.
                   A       B       C       D       E      F
               +-------+-------+-------+-------+-------+----------------------
         Total | 100.0 | 100.0 |   0.6 |   6.7 |  15.0 | 231.8
       Dungeon | 100.0 | 100.0 |   0.6 |   6.7 |  15.0 | 231.8
               +-------+-------+-------+-------+-------+----------------------

Table legend:
 A = Kills in this place as a percentage of kills in entire the game.
 B = Kills by you in this place as a percentage of kills by you in the entire game.
 C = Kills by friends in this place as a percentage of kills by friends in the entire game.
 D = Other kills in this place as a percentage of other kills in the entire game.
 E = Experience gained in this place as a percentage of experience gained in the entire game.
 F = Experience gained in this place divided by the number of levels of this place that you have seen.
                   A       B       C       D       E      F
               +-------+-------+-------+-------+-------+----------------------
         Total | 100.0 | 100.0 |  -nan |  -nan | 100.0 | 161.8
       Dungeon | 100.0 | 100.0 |  -nan |  -nan | 100.0 | 161.8
               +-------+-------+-------+-------+-------+----------------------

Notes
Turn   | Place    | Note
-------+----------+-------------------------------------------
     0 | D:1      | Sixotanaka the High Elf Skald began the quest for the Orb.
     0 | D:1      | Reached XP level 1. HP: 14/14 MP: 4/4
    71 | D:1      | Reached skill level 3 in Long Blades
    80 | D:1      | Reached XP level 2. HP: 11/19 MP: 0/6
   489 | D:1      | HP: 4/19 [giant gecko (2)]
   625 | D:1      | Reached skill level 4 in Long Blades
   966 | D:1      | Reached XP level 3. HP: 19/24 MP: 7/7
  1136 | D:2      | Found a faded altar of an unknown god.
  1513 | D:2      | Found a hazy altar of Hepliaklqana.
  1569 | D:2      | Reached skill level 5 in Long Blades
  1742 | D:2      | Reached XP level 4. HP: 21/29 MP: 8/8
  2459 | D:3      | Reached skill level 6 in Long Blades
  2617 | D:3      | Reached XP level 5. HP: 30/34 MP: 9/9
  2986 | D:3      | Found a snail-covered altar of Cheibriados.
  2997 | D:3      | Became a worshipper of Cheibriados the Contemplative
  3243 | D:4      | Noticed a phantom
  3371 | D:4      | Reached skill level 7 in Long Blades
  3451 | D:4      | Found a burning altar of Makhleb.
  3452 | D:4      | Found an ancient bone altar of Kikubaaqudgha.
  3499 | D:4      | Found a stormy altar of Qazlal.
  3582 | D:4      | Noticed wxf's ghost (novice MiFi)
  3585 | D:4      | Noticed an ogre
  3634 | D:5      | Entered Level 5 of the Dungeon
  3857 | D:5      | Found a sacrificial altar of Ru.
  3898 | D:5      | Reached * piety under Cheibriados
  3898 | D:5      | Reached XP level 6. HP: 23/39 MP: 10/10
  4320 | D:5      | Reached skill level 8 in Long Blades
  4328 | D:5      | Learned a level 3 spell: Spectral Weapon
  4497 | D:5      | HP: 5/39 [iguana (8)]
  4583 | D:5      | Found a staircase to the Ecumenical Temple.
  4626 | D:5      | Found a bloodstained altar of Trog.
  4701 | D:5      | Learned a level 3 spell: Regeneration
  4704 | D:5      | Learned a level 2 spell: Shroud of Golubria
  4909 | D:5      | HP: 8/39 [centaur (6)]
  4927 | D:5      | Reached skill level 4 in Charms
  5279 | D:6      | Reached XP level 7. HP: 45/45 MP: 8/11
  5338 | D:5      | Reached skill level 9 in Long Blades
  5632 | D:6      | Reached ** piety under Cheibriados
  5637 | D:6      | Slain by an orc warrior

Action                   |  1- 3 |  4- 6 |  7- 9 || total
-------------------------+-------+-------+-------++-------
Melee: Falchion          |    54 |       |       ||    54
       Dagger            |    26 |   241 |       ||   267
       Rapier            |    51 |       |       ||    51
       Long sword        |       |    13 |    27 ||    40
 Cast: Infusion          |     2 |     2 |     5 ||     9
       Spectral Weapon   |       |     4 |     5 ||     9
  Use: Scroll            |     2 |     7 |       ||     9
       Potion            |       |     4 |       ||     4
 Stab: Sleeping          |       |       |     1 ||     1
  Eat: Chunk             |     3 |     8 |       ||    11
       Beef jerky        |       |     1 |     1 ||     2
Armor: Leather armour    |    21 |    55 |     5 ||    81
       Skin              |       |    12 |       ||    12
Dodge: Dodged            |    67 |   122 |    11 ||   200
